 Dungeon Sprint DCSS version 0.16-b1 (webtiles) character file.

3005 Medar the Unseen (level 9, -14/50 HPs)
             Began as a Vine Stalker Assassin on Mar 6, 2015.
             Was a Priest of Okawaru.
             Demolished by a sun demon (16 damage)
             ... summoned by a kobold demonologist
             ... while paralysed by a giant eyeball
             ... in the Dungeon (Sprint I: "Red Sonja").
             The game lasted 00:05:38 (622 turns).

Medar the Unseen (Vine Stalker Assassin)             Turns: 622, Time: 00:05:38

Health: -14/50     AC:  6    Str: 14    XL:     9   Next: 84%
Magic:  0/12       EV:  2    Int: 11    God:    Okawaru [***...]
Gold:   349        SH:  0    Dex: 19    Spells: 0 memorised, 8 levels left

rFire  . . .     SeeInvis .     a - +3 dagger
rCold  . . .     Clarity  .     c - +0 robe
rNeg   . . .     SustAb   .     (no shield)
rPois  .         Gourm    .     (no helmet)
rElec  .         Spirit   +     t - +0 cloak
rCorr  .         Warding  .     u - +2 pair of gloves
rMut   .         NoTele   +     (no boots)
MR     +....                    (no amulet)
Stlth  +++++++...               (no ring)
                                (no ring)

@: paralysed, somewhat resistant to hostile enchantments, extremely stealthy
A: fangs 3, regeneration 2, magic shield, antimagic bite, no device heal 3, rot
immunity
a: Heroism, Renounce Religion


You were in the Dungeon.
You worshipped Okawaru.
Okawaru was most pleased with you.
You were not hungry.

You visited 1 branch You collected 942 gold pieces.
You spent 593 gold pieces at shops.

Inventory:

Hand weapons
 a - a +3 dagger (weapon)
 b - a +0 blowgun
 o - a +0 dagger of venom
Missiles
 e - 8 poisoned needles
 f - 11 curare-tipped needles
Armour
 c - a +0 robe (worn)
 t - a +0 cloak (worn)
 u - a +2 pair of gloves (worn)
Magical devices
 l - a wand of flame (18)
 s - a wand of flame (14)
Scrolls
 m - 2 scrolls of blinking
 p - a scroll of immolation {unknown}
 r - a scroll of identify {unknown}
 w - a scroll of fear {unknown}
Potions
 d - a potion of haste
 h - 5 potions of curing {@q1}
 j - a potion of brilliance {unknown}
 k - 2 potions of magic
 n - 2 potions of ambrosia {unknown}
 q - a potion of restore abilities {unknown}
 v - a potion of cure mutation {unknown}
Comestibles
 g - a bread ration


   Skills:
 - Level 7.0 Fighting
 - Level 12.0 Short Blades
 - Level 1.7 Throwing
 + Level 8.4 Dodging
 * Level 16.5 Stealth


You had 8 spell levels left.
You didn't know any spells.

Dungeon Overview and Level Annotations

Branches:
Dungeon (1/1)

Altars:
Cheibriados
Dithmenos
Elyvilon
Fedhas
Gozag
Kikubaaqudgha
Makhleb
Nemelex Xobeh
Okawaru
Qazlal
Ru
Sif Muna
Trog
Vehumet
Xom
Yredelemnul
Zin
The Shining One
Jiyva

Shops:
D *([


Innate Abilities, Weirdness & Mutations

You have razor-sharp teeth.
You heal very quickly.
When hurt, damage is shared between your health and your magic reserves.
Your bite disrupts and absorbs the magic of your enemies.
Potions and wands cannot restore your health.
You are immune to rotting.


Message History

A giant eyeball and a kobold demonologist come into view.
There is an open door here.
The kobold demonologist shouts!
The giant eyeball turns its gaze towards you.
The kobold demonologist shouts!
The kobold demonologist mumbles some strange words.
The kobold demonologist casts a spell.
You hit the giant eyeball.
The giant eyeball is moderately wounded.
You hit the giant eyeball. You bite the giant eyeball. You drain its power.
The giant eyeball is almost dead.
The kobold demonologist's eyes start to glow.
The sun demon hits you!!
You are engulfed in flames!
The orange demon misses you. The giant eyeball gazes at you.
You suddenly lose the ability to move!
The sun demon hits you!!
* * * LOW HITPOINT WARNING * * *
You are engulfed in flames!
You die...

####################
'..#..'..#__#..3@.K#
#.)').#..'..'..#KG.#
##'#####'#__####.4.+
#..#...#[####§§#####
####..##.#§§§§§#..#
.__##'#..§§≈§§§§..#
∩...'..._#≈§§§§#..#
.._##_.#'##'#####'#
___###'#.#.).§###.+


You could see a sun demon, an orange demon, 2 kobold demonologists and a giant
eyeball.

Vanquished Creatures
  2 centaur warriors (D)
  A deep troll (D)
  An oklob plant (D)
  Sonja (D)
  A slime creature (D)
  A yak (D)
  A wasp (D)
  An ogre (D)
  Sigmund (D)
  A jelly (D)
  Ijyb (D)
  A giant spore (D)
  5 ballistomycetes (D)
18 creatures vanquished.

Vanquished Creatures (others)
  A gargoyle (D)
  A giant spore (D)
2 creatures vanquished.

Grand Total: 20 creatures vanquished

Notes
Turn   | Place    | Note
--------------------------------------------------------------
     0 | D        | Medar, the Vine Stalker Assassin, began the quest for the Orb.
     0 | D        | Reached XP level 1. HP: 11/11 MP: 1/1
     2 | D        | Noticed Ijyb
    17 | D        | Killed Ijyb
    17 | D        | Reached skill level 8 in Stealth
    17 | D        | Reached XP level 2. HP: 8/15 MP: 3/3
    43 | D        | Noticed an ogre
    46 | D        | Killed an ogre
    46 | D        | Reached skill level 12 in Stealth
    46 | D        | Reached XP level 3. HP: 18/18 MP: 4/4
    46 | D        | Reached XP level 4. HP: 23/23 MP: 5/5
    55 | D        | Noticed Sigmund
    61 | D        | Killed Sigmund
    61 | D        | Reached skill level 14 in Stealth
    61 | D        | Reached XP level 5. HP: 14/26 MP: 4/7
   122 | D        | Found a deep blue altar of Sif Muna.
   123 | D        | Noticed a jelly
   124 | D        | Found a radiant altar of Vehumet.
   128 | D        | Killed a jelly
   128 | D        | Reached skill level 1 in Dodging
   160 | D        | Found a viscous altar of Jiyva.
   160 | D        | Found a blossoming altar of Fedhas.
   160 | D        | Noticed a slime creature
   161 | D        | Found a snail-covered altar of Cheibriados.
   161 | D        | Found a shadowy altar of Dithmenos.
   163 | D        | Killed a slime creature
   163 | D        | Gained mutation: You heal very quickly. [vine stalker growth]
   163 | D        | Reached XP level 6. HP: 30/34 MP: 8/8
   178 | D        | Found Esyemo's Weapon Emporium.
   178 | D        | Found a white marble altar of Elyvilon.
   178 | D        | Found a stormy altar of Qazlal.
   178 | D        | Found a burning altar of Makhleb.
   178 | D        | Found a sacrificial altar of Ru.
   178 | D        | Found a basalt altar of Yredelemnul.
   178 | D        | Found a glowing golden altar of the Shining One.
   178 | D        | Found a sparkling altar of Nemelex Xobeh.
   178 | D        | Found a shimmering altar of Xom.
   178 | D        | Found an opulent altar of Gozag.
   178 | D        | Found an ancient bone altar of Kikubaaqudgha.
   178 | D        | Found a glowing silver altar of Zin.
   178 | D        | Noticed a yak
   179 | D        | Found an iron altar of Okawaru.
   180 | D        | Killed a yak
   180 | D        | Reached skill level 5 in Fighting
   180 | D        | Reached XP level 7. HP: 37/39 MP: 9/9
   181 | D        | Found a bloodstained altar of Trog.
   185 | D        | Became a worshipper of Warmaster Okawaru
   196 | D        | Noticed Sonja
   200 | D        | Killed Sonja
   200 | D        | Reached skill level 5 in Dodging
   221 | D        | Found Qeefopu's Assorted Antiques.
   242 | D        | Noticed a deep troll
   280 | D        | Killed a deep troll
   280 | D        | Acquired Okawaru's first power
   280 | D        | Gained mutation: You have razor-sharp teeth. [vine stalker growth]
   280 | D        | Reached XP level 8. HP: 21/46 MP: 6/11
   450 | D        | Noticed a centaur warrior
   450 | D        | Noticed a centaur warrior
   453 | D        | Killed a centaur warrior
   453 | D        | Reached skill level 15 in Stealth
   453 | D        | Reached XP level 9. HP: 50/50 MP: 12/12
   454 | D        | Killed a centaur warrior
   470 | D        | Found Schuamm's Armour Emporium.
   488 | D        | Bought a +2 pair of gloves for 231 gold pieces
   553 | D        | Bought a potion of haste for 230 gold pieces
   553 | D        | Bought a potion of curing for 69 gold pieces
   553 | D        | Bought a bubbling purple potion for 20 gold pieces
   553 | D        | Bought a scroll labeled GRYIDED SAUSI for 23 gold pieces
   553 | D        | Bought a metallic brown potion for 20 gold pieces
   576 | D        | Killed a gargoyle
   580 | D        | Noticed a wasp
   583 | D        | Killed a wasp
   594 | D        | Noticed an oklob plant
   596 | D        | Killed an oklob plant
   596 | D        | Reached skill level 16 in Stealth
   617 | D        | Noticed a kobold demonologist
   618 | D        | Noticed a kobold demonologist
   620 | D        | Noticed a sun demon
   620 | D        | Noticed an orange demon
   621 | D        | Paralysed by a giant eyeball for 3 turns
   622 | D        | HP: 2/50 [sun demon[a kobold demonologist] (15)]
   622 | D        | Demolished by a sun demon

Action                   |  1- 3 |  4- 6 |  7- 9 || total
-------------------------+-------+-------+-------++-------
Melee: Dagger            |    15 |     7 |    39 ||    61
 Fire: Blowgun           |       |       |    13 ||    13
Evoke: Wand              |       |       |     3 ||     3
  Use: Potion            |       |     1 |     1 ||     2
       Scroll            |       |       |     1 ||     1
 Stab: Sleeping          |     1 |     3 |     5 ||     9
